 Dungeon Crawl Stone Soup version 0.25.0-9-g26727b657a (webtiles) character file.

Game seed: 7528392604160081521

823 Peloso the Slasher (level 7, -2/60 HPs)
             Began as a Minotaur Fighter on June 20, 2020.
             Slain by Duvessa
             ... wielding a +0 short sword
              (7 damage)
             ... on level 5 of the Dungeon.
             The game lasted 00:07:07 (4524 turns).

Peloso the Slasher (Minotaur Fighter)               Turns: 4524, Time: 00:07:07

Health: -2/60      AC:  0    Str: 21    XL:     7   Next: 64%
Magic:  6/6        EV: 14    Int:  5    God:
Gold:   165        SH:  0    Dex: 11    Spells: 6/6 levels left

rFire    . . .     SeeInvis .   (weapon currently unavailable)
rCold    . . .     Gourm    .   (shield currently unavailable)
rNeg     . . .     Faith    .   (armour currently unavailable)
rPois    .         Spirit   .   (helmet currently unavailable)
rElec    .         Reflect  .   (cloak currently unavailable)
rCorr    .         Harm     .   (gloves currently unavailable)
MR       .....                  (boots currently unavailable)
Stlth    +.........             p - amulet of magic regeneration
HPRegen  0.20/turn              (ring currently unavailable)
MPRegen  0.35/turn              (ring currently unavailable)

@: pig-form (expiring), very quick
A: small, (retaliatory headbutt)
a: no special abilities


You were on level 5 of the Dungeon.
You were not hungry.
You were a filthy swine.
You visited 1 branch of the dungeon, and saw 5 of its levels.

You collected 165 gold pieces.

Inventory:

Hand Weapons
 a - a +1 long sword (melded)
 b - a +1 whip of venom
Armour
 c - a +0 kite shield (melded)
 m - a +0 plate armour (melded)
Jewellery
 g - an uncursed amulet of faith
 j - an uncursed amulet of the acrobat
 o - a ring of flight (melded)
 p - an amulet of magic regeneration (around neck)
 r - an uncursed ring of protection from cold
Wands
 d - a wand of random effects (15)
Scrolls
 i - 2 scrolls of identify
 l - a scroll of enchant armour
 n - a scroll of remove curse
 v - a scroll of blinking {unknown}
Potions
 e - a potion of haste
 h - a potion of flight
 k - a potion of heal wounds
 q - a potion of cancellation
 t - a potion of ambrosia
Comestibles
 f - 10 rations
 s - 8 chunks of flesh


   Skills:
 + Level 4.9 Fighting
 + Level 6.7 Long Blades
 + Level 6.1 Armour
 + Level 1.0 Dodging
 + Level 6.4 Shields


You had 6 spell levels left.
You didn't know any spells.
Your spell library was empty.

Dungeon Overview and Level Annotations

Branches:
Dungeon (5/15)
 Temple: D:4-7

Altars:
Fedhas

Annotations:
D:5 Dowan, Duvessa


Innate Abilities, Weirdness & Mutations

((You reflexively headbutt those who attack you in melee.))
((You have a pair of horns on your head.))


Message History

You hit Duvessa.
Duvessa is severely wounded.
Your transformation is almost over.
Duvessa barely misses you. Duvessa hits you with a +0 short sword!
* * * LOW HITPOINT WARNING * * *
You barely miss Duvessa.
Duvessa is severely wounded.
Duvessa hits you with a +0 short sword!
* * * LOW HITPOINT WARNING * * *
You completely miss Duvessa.
Duvessa is severely wounded.
Duvessa hits you with a +0 short sword.
* * * LOW HITPOINT WARNING * * *
Duvessa says, "Where magic fails, the sword succeeds!"
Dowan gestures wildly while chanting.
Dowan blinks!
There is a stone staircase leading up, spattered with blood here.
Duvessa is no longer moving quickly.
Duvessa barely misses you. Duvessa hits you with a +0 short sword!
You die...

#.# #.# ... #.# #.#.#
#.#.# ## +# #.#.# ..
... #.#.#####.# ....
#.#..)h<..# .....
#.####e#####.
......##.#..........#
......)ยง.J......#####
......##.#..........
..... #.###########
.... #.)....... ...
########## ..


You could see Duvessa.

Vanquished Creatures
  Grinder (D:3)
  A sky beast (D:4)
  An ice beast (D:5)
  3 killer bees (D:4)
  2 orc priests (D:4)
  An orc wizard (D:4)
  Natasha (twice) (D:3)
  6 adders
  An ooze (D:2)
  An adder skeleton (D:2)
  5 worms
  A dart slug (D:3)
  4 leopard geckos
  13 orcs
  5 giant cockroaches
  9 goblins
  13 hobgoblins
  6 jackals
  3 kobolds
  A quokka (D:4)
  A ball python (D:3)
  6 bats
  3 frilled lizards
  6 rats
95 creatures vanquished.

Notes
Turn   | Place    | Note
-------+----------+-------------------------------------------
     0 | D:1      | Peloso the Minotaur Fighter began the quest for the Orb.
     0 | D:1      | Reached XP level 1. HP: 19/19 MP: 0/0
   118 | D:1      | Reached XP level 2. HP: 27/27 MP: 1/1
   938 | D:2      | Reached XP level 3. HP: 33/33 MP: 2/2
  1347 | D:2      | Reached XP level 4. HP: 24/40 MP: 3/3
  2537 | D:3      | Noticed Grinder
  2543 | D:3      | Killed Grinder
  2543 | D:3      | Reached skill level 5 in Long Blades
  2543 | D:3      | Reached skill level 1 in Dodging
  2543 | D:3      | Reached skill level 5 in Shields
  2543 | D:3      | Reached XP level 5. HP: 31/47 MP: 4/4
  2543 | D:3      | Reached XP level 6. HP: 35/53 MP: 5/5
  2583 | D:3      | Noticed Natasha
  2602 | D:3      | Killed Natasha
  2602 | D:3      | Reached skill level 5 in Armour
  2964 | D:3      | Found a blossoming altar of Fedhas.
  3073 | D:3      | Noticed Natasha
  3079 | D:3      | Killed Natasha
  4063 | D:5      | Entered Level 5 of the Dungeon
  4063 | D:5      | Noticed a sky beast
  4072 | D:4      | Reached XP level 7. HP: 59/60 MP: 6/6
  4119 | D:4      | HP: 3/60 [something (5)]
  4480 | D:5      | Noticed Duvessa
  4480 | D:5      | Noticed Dowan
  4524 | D:5      | Slain by Duvessa

Illustrated notes

Levels and vault maps discovered:
D:1:      lemuel_arrival_river_ford, layout_basic
D:2:      layout_basic
D:3:      layout_loops_corners, fedhas_altar_fruit_tree, uniq_grinder,
          uniq_natasha
D:4:      minmay_skewed_foursquare, layout_basic, first_ration
D:5:      layout_basic, kennysheep_mini_moat, serial_shops,
          kennysheep_little_box, uniq_sigmund, uniq_duvessa

Skill      XL: |  1  2  3  4  5  6  7 |
---------------+----------------------+-----
Fighting       | 4 |  4.9
Shields        | 4 5 6 |  6.4
Armour         | 4 5 6 |  6.1
Long Blades    | 3 5 6 |  6.7
Dodging        | 1 |  1.0

Action                   |  1- 3 |  4- 6 |  7- 9 || total
-------------------------+-------+-------+-------++-------
Melee: Long sword        |    99 |   145 |    71 ||   315
       Headbutt          |     9 |    17 |    10 ||    36
       Unarmed           |       |       |    17 ||    17
  Use: Potion            |     2 |     1 |     5 ||     8
       Scroll            |     6 |     2 |       ||     8
  Eat: Chunk             |     1 |     9 |     2 ||    12
Armor: Scale mail        |    40 |       |       ||    40
       Plate armour      |    19 |    72 |    51 ||   142
Dodge: Dodged            |    26 |    24 |    26 ||    76
Block: Kite shield       |    47 |    66 |    46 ||   159
       Rpst.: Long sword |     6 |     8 |     5 ||    19
